 Dungeon Crawl Stone Soup version 0.29-a0-1043-g569b05d6ff (webtiles) character file.

Game seed: 3809746789990791917

96 siradein the Chopper (level 4, 0/42 HPs)
             Began as a Hill Orc Monk on Aug 16, 2022.
             Was a Believer of Makhleb.
             Succumbed to Ijyb's poison
             ... on level 3 of the Dungeon.
             The game lasted 00:04:43 (2607 turns).

siradein the Chopper (Hill Orc Monk)                Turns: 2607, Time: 00:04:44

Health: 0/42       AC:  8    Str: 15    XL:     4   Next: 67%
Magic:  4/4        EV:  6    Int: 10    God:    Makhleb [**....]
Gold:   151        SH:  0    Dex: 13    Spells: 3/3 levels left

rFire   . . .      SeeInvis .   a - +0 hand axe
rCold   . . .      Faith    .   (no shield)
rNeg    . . .      Spirit   .   q - +0 chain mail
rPois   .          Reflect  .   (no helmet)
rElec   .          Harm     .   (no cloak)
rCorr   .          Rampage  .   (no gloves)
Will    .....                   (no boots)
Stlth   ..........              (no amulet)
HPRegen 0.14/turn               (no ring)
MPRegen 0.09/turn               (no ring)

@: lethally poisoned (0 -> -25)
A: no striking features
a: Renounce Religion, Minor Destruction


You were on level 3 of the Dungeon.
You worshipped Makhleb.
Makhleb was pleased with you.
You visited 1 branch of the dungeon, and saw 3 of its levels.

You collected 151 gold pieces.

Inventory:

Hand Weapons
 a - a +0 hand axe (weapon)
Armour
 q - a +0 chain mail (worn)
Scrolls
 e - 2 scrolls of silence
 f - 3 scrolls of identify {unknown}
 j - a scroll of enchant armour {unknown}
 l - a scroll of amnesia {unknown}
 n - 3 scrolls of vulnerability {unknown}
 o - a scroll of immolation {unknown}
 p - a scroll of teleportation {unknown}
Potions
 b - a potion of brilliance {unknown}
 c - a potion of ambrosia
 g - 2 potions of attraction {unknown}
 h - 2 potions of curing {unknown}
 i - a potion of lignification {unknown}
 k - 2 potions of haste {unknown}
 m - a potion of flight {unknown}


   Skills:
 + Level 5.0 Fighting
 + Level 5.5 Axes
 - Level 2.4 Dodging
 - Level 1.6 Stealth
 + Level 0.9 Invocations


You had 3 spell levels left.
You didn't know any spells.
Your spell library contained the following spells:

 Spells                   Type           Power      Damage    Failure   Level
 Apportation              Tloc           0%         N/A       100%        1
 Necrotise                Necr           0%         1d4       100%        1
 Summon Small Mammal      Summ           0%         N/A       100%        1


Dungeon Overview and Level Annotations

Branches:
Dungeon (3/15)

Altars:
Makhleb
The Shining One

Annotations:
D:3 Ijyb


Message History

There is an open door here.
Ijyb is nearby!
Ijyb is nearby!
Ijyb is nearby!
The zap hits Ijyb.
Ijyb is lightly wounded.
Ijyb shouts!
Ijyb zaps a wand.
Your mind is blasted!
You fail to use your ability.
The puff of flame hits Ijyb but does no damage.
Ijyb is lightly wounded.
The stone arrow hits Ijyb.
Ijyb is moderately wounded.
Ijyb screams, "Me kill you!"
You fail to use your ability.
Ijyb zaps a wand.
Your mind is blasted!
You fail to use your ability.
You barely miss Ijyb.
Ijyb is moderately wounded.
Ijyb hits you with a +2 dagger of venom.
You are poisoned.
You closely miss Ijyb.
Ijyb is moderately wounded.
You feel sick.
Ijyb hits you with a +2 dagger of venom.
You are more poisoned.
You are too injured to fight recklessly!
You barely miss Ijyb.
Ijyb is moderately wounded.
You feel very sick.
Ijyb zaps a wand.
Your mind is blasted!
* * * LOW HITPOINT WARNING * * *
You closely miss Ijyb.
Ijyb is moderately wounded.
You feel sick.
Ijyb hits you with a +2 dagger of venom.
* * * LOW HITPOINT WARNING * * *
You are more poisoned.
You hit Ijyb.
Ijyb is heavily wounded.
You die...

.#≈≈≈≈≈≈##'''##≈≈≈#
.≈≈≈≈≈≈≈#.....#≈≈≈#
≈≈≈.....#.....#...#
≈≈......#.....#.).#
≈≈..##)##.....##'##
≈≈..#...#.....#...#
≈≈..#...#..)).#...#
≈≈..#...#.....#...#
≈≈..##'##.....##@##
≈≈...#..........g.#
≈≈...#..).........#
≈≈...##########)..#
≈≈#### gg....#...#
≈≈ ......'...# ≈≈
......'...# ##
###########


You could see Ijyb.

Vanquished Creatures
  3 adders
  A worm (D:2)
  A dart slug (D:3)
  2 ball pythons
  5 endoplasms
  A giant cockroach (D:3)
  6 hobgoblins
  3 jackals (D:3)
  8 kobolds
  2 quokkas (D:1)
  4 bats
  5 frilled lizards
  16 goblins
  2 rats (D:1)
59 creatures vanquished.

Notes
Turn   | Place    | Note
-------+----------+-------------------------------------------
     0 | D:1      | siradein the Hill Orc Monk began the quest for the Orb.
     0 | D:1      | Reached XP level 1. HP: 19/19 MP: 1/1
   208 | D:1      | Reached XP level 2. HP: 27/27 MP: 2/2
   962 | D:1      | Found a faded altar of an unknown god.
  1046 | D:1      | Reached XP level 3. HP: 28/33 MP: 3/3
  1529 | D:2      | Reached skill level 5 in Axes
  1549 | D:2      | Identified the +9 plate armour "Qostea Loeck" {Will+}
  1905 | D:2      | Reached XP level 4. HP: 40/41 MP: 4/4
  2191 | D:3      | Found a burning altar of Makhleb.
  2191 | D:3      | Noticed a cacodemon
  2212 | D:3      | Noticed an orange demon
  2212 | D:3      | Noticed an orange demon
  2214 | D:3      | Became a worshipper of Makhleb the Destroyer
  2214 | D:3      | Reached * piety under Makhleb
  2214 | D:3      | Reached ** piety under Makhleb
  2270 | D:3      | Found a glowing golden altar of the Shining One.
  2285 | D:3      | Reached skill level 5 in Fighting
  2567 | D:3      | Noticed Ijyb
  2607 | D:3      | Succumbed to Ijyb's poison

Illustrated notes

Levels and vault maps discovered:
D:1:      dpeg_arrival_rooms_with_view, layout_loops_ring,
          ebering_ecumenical_altar_ruins
D:2:      layout_basic
D:3:      kennysheep_goblin_castle, layout_basic, mainiacjoe_overflow_catwalk,
          makhleb_altar_promises_db, mainiacjoe_overflow_concentric_impassable,
          grunt_decor_clamped

Skill      XL: |  1  2  3  4 |
---------------+-------------+-----
Fighting       | 4 5 |  5.0
Axes           | 5 |  5.5
Dodging        | |  2.4
Stealth        | |  1.6
Invocations    | |  0.9

Action                   |  1- 3 |  4- 6 || total
-------------------------+-------+-------++-------
Melee: Hand axe          |   129 |    84 ||   213
       Punch             |     1 |     1 ||     2
Invok: Minor Destruction |       |     3 ||     3
  Use: Scroll            |       |     2 ||     2
 Stab: Sleeping          |     1 |       ||     1
Armor: Robe              |    17 |       ||    17
       Scale mail        |    14 |       ||    14
       Chain mail        |     8 |    63 ||    71
Dodge: Dodged            |    81 |    25 ||   106

Table legend: (Time is in decaauts)
 A = Elapsed time spent in this place.
 B = Non-inter-level travel time spent in this place.
 C = Inter-level travel time spent in this place.
 D = Time resting spent in this place.
 E = Time spent auto-exploring this place.
 F = Levels seen in this place.
 G = Mean time per level.
                   A        B        C        D        E       F      G
               +--------+--------+--------+--------+--------+-----+--------+
         Total |   2618 |   2508 |    110 |      0 |   2033 |   3 |  872.7 |
       Dungeon |   2618 |   2508 |    110 |      0 |   2033 |   3 |  872.7 |
               +--------+--------+--------+--------+--------+-----+--------+

Top non-repeatable levels by time:
     D:1: 1383 daAuts
     D:2: 788 daAuts
     D:3: 446 daAuts
